 Dungeon Crawl Stone Soup version 0.29.1-12-g30fa7ad0bf (webtiles) character file.

Game seed: 3913801336689480355

74 Radix the Trooper (level 4, 0/42 HPs)
             Began as a Hill Orc Fighter on Jan 7, 2023.
             Slain by a black bear (1 damage)
             ... on level 4 of the Dungeon.
             The game lasted 00:08:12 (2583 turns).

Radix the Trooper (Hill Orc Fighter)                Turns: 2583, Time: 00:08:15

Health: 0/42       AC:  8    Str: 20    XL:     4   Next: 28%
Magic:  4/4        EV:  5    Int:  8    God:
Gold:   164        SH: 11    Dex: 10    Spells: 3/3 levels left

rFire   . . .      SeeInvis .   a - +0 war axe
rCold   . . .      Faith    .   f - +0 tower shield
rNeg    . . .      Spirit   .   b - +0 scale mail
rPois   .          Reflect  .   (no helmet)
rElec   .          Harm     .   (no cloak)
rCorr   .          Rampage  .   m - +0 pair of gloves
Will    .....                   (no boots)
Stlth   ..........              (no amulet)
HPRegen 0.14/turn               (no ring)
MPRegen 0.09/turn               (no ring)

@: no status effects
A: no striking features
a: no special abilities


You were on level 4 of the Dungeon.
You visited 1 branch of the dungeon, and saw 4 of its levels.

You collected 164 gold pieces.

Inventory:

Hand Weapons
 a - a +0 war axe (weapon)
 p - a +1 dagger of venom
Armour
 b - a +0 scale mail (worn)
 c - a +0 buckler
 f - a +0 tower shield (worn)
 m - a +0 pair of gloves (worn)
Scrolls
 e - a scroll of poison {unknown}
 i - 2 scrolls of identify {unknown}
 k - 2 scrolls of teleportation {unknown}
 n - a scroll of fog {unknown}
 r - a scroll of enchant weapon {unknown}
 s - a scroll of noise {unknown}
Potions
 d - a potion of might
 g - a potion of magic {unknown}
 h - 3 potions of curing {unknown}
 j - a potion of cancellation {unknown}
 l - a potion of experience {unknown}
 o - 2 potions of attraction {unknown}
 q - 2 potions of berserk rage {unknown}


   Skills:
 + Level 5.0 Fighting
 + Level 4.5 Axes
 - Level 3.2 Armour
 - Level 3.2 Shields


You had 3 spell levels left.
You didn't know any spells.
Your spell library was empty.

Dungeon Overview and Level Annotations

Branches:
Dungeon (4/15)
 Temple: D:4-7

Altars:

Shops:
D:3 =


Message History

The black bear bites you but does no damage.
The black bear claws you but does no damage. x2
You block the kobold's attack.
You slash the black bear!
The black bear is severely wounded.
You miss the kobold.
The black bear goes berserk!
The kobold hits you with a +0 short sword.
You hit the black bear but do no damage.
The black bear is severely wounded.
You hit the kobold.
You kill the kobold!
You block the black bear's attack. The black bear claws you.
The black bear claws you but does no damage.
You block the black bear's attack.
The black bear claws you but does no damage. x2
The black bear bites you.
The black bear claws you but does no damage. x2
Your Fighting skill increases to level 5!
You closely miss the black bear.
The black bear is severely wounded.
You block the black bear's attack.
The black bear claws you but does no damage. x2
You block the black bear's attack. x2; The black bear barely misses you.
You slash the black bear!
The black bear is almost dead.
The black bear bites you!
The black bear claws you but does no damage. x2
The black bear bites you. The black bear claws you.
The black bear claws you but does no damage.
The black bear bites you but does no damage.
The black bear claws you but does no damage.
You block the black bear's attack.
You hit the black bear.
The black bear is almost dead.
The black bear bites you!
* * * LOW HITPOINT WARNING * * *
The black bear barely misses you. The black bear claws you.
* * * LOW HITPOINT WARNING * * *
You block the black bear's attack. The black bear claws you.
You die...

.. ########.##
#....?....#.
.#.........
.?....... .).... #
##).#####
#..#+#h......#
#....@)#.....# .
#......#.....#...#
#......#........#
#......#<.†.....#
#......#.....>..#
#......##########
#.##+#.# #. ..


You could see a black bear (berserk).

Vanquished Creatures
  An adder (D:2)
  A worm (D:3)
  2 dart slugs
  An orc (D:4)
  7 endoplasms
  A giant cockroach (D:1)
  4 goblins
  4 hobgoblins
  3 quokkas (D:2)
  5 ball pythons
  6 bats
  8 frilled lizards
  9 kobolds
  4 rats
56 creatures vanquished.

Notes
Turn   | Place    | Note
-------+----------+-------------------------------------------
     0 | D:1      | Radix the Hill Orc Fighter began the quest for the Orb.
     0 | D:1      | Reached XP level 1. HP: 19/19 MP: 1/1
   122 | D:1      | Reached XP level 2. HP: 23/27 MP: 2/2
   127 | D:1      | Reached skill level 4 in Fighting
   328 | D:1      | Found a faded altar of an unknown god.
   328 | D:1      | Noticed an orange demon
   665 | D:1      | Reached XP level 3. HP: 34/34 MP: 3/3
  1527 | D:2      | Reached XP level 4. HP: 39/41 MP: 4/4
  1937 | D:3      | Found Cupedoc's Jewellery Emporium.
  2571 | D:4      | Noticed a black bear
  2581 | D:4      | Reached skill level 5 in Fighting
  2583 | D:4      | HP: 1/42 [black bear (5)]
  2583 | D:4      | Slain by a black bear

Illustrated notes

Levels and vault maps discovered:
D:1:      psy_arrival_basics, layout_loops_ring,
          dreamdust_ecumenical_altar_sealed_demon, minmay_3d_cube
D:2:      layout_loops_cross
D:3:      layout_basic, serial_shops, nicolae_shop_advertising_works
          [nicolae_subvault_shop_adworks], chequers_decorated_corner
D:4:      layout_basic, tgw_fedhas, nicolae_ashenzari_skybound,
          mainiacjoe_overflow_alcove_4, minmay_temple_entry_mist, uniq_eustachio

Skill      XL: |  1  2  3  4 |
---------------+-------------+-----
Axes           | 3 4 |  4.5
Fighting       | 4 5 |  5.0
Armour         | |  3.2
Shields        | |  3.2

Action                   |  1- 3 |  4- 6 || total
-------------------------+-------+-------++-------
Melee: War axe           |    99 |    46 ||   145
Armor: Scale mail        |    55 |    31 ||    86
Dodge: Dodged            |    26 |    14 ||    40
Block: Buckler           |     9 |       ||     9
       Tower shield      |    50 |    36 ||    86
